 Dungeon Crawl Stone Soup version 0.29-a0-393-g47a863cc1b (webtiles) character file.

Game seed: 13732087106625574569

53 bande the Covered (level 3, -2/24 HPs)
             Began as a Gargoyle Fighter on May 11, 2022.
             Killed from afar by an orc wizard (7 damage)
             ... with a magic dart
             ... on level 2 of the Dungeon.
             The game lasted 00:02:34 (1951 turns).

bande the Covered (Gargoyle Fighter)                Turns: 1951, Time: 00:02:35

Health: -2/24      AC: 12    Str: 19    XL:     3   Next: 87%
Magic:  3/3        EV:  3    Int:  8    God:
Gold:   106        SH: 13    Dex: 11    Spells: 2/2 levels left

rFire   . . .      SeeInvis .   a - +1 war axe
rCold   . . .      Faith    .   n - +1 tower shield
rNeg    + . .      Spirit   .   m - +0 chain mail
rPois   ∞          Reflect  .   (no helmet)
rElec   +          Harm     .   (no cloak)
rCorr   .          Rampage  .   (no gloves)
Will    .....                   (no boots)
Stlth   ..........              (no amulet)
HPRegen 0.08/turn               (no ring)
MPRegen 0.08/turn               (no ring)

@: no status effects
A: sickness immunity, AC +3, negative energy resistance 1, electricity
resistance, torment resistance 1, petrification resistance
a: no special abilities


You were on level 2 of the Dungeon.
You visited 1 branch of the dungeon, and saw 2 of its levels.

You collected 106 gold pieces.

Inventory:

Hand Weapons
 a - a +1 war axe (weapon)
Armour
 m - a +0 chain mail (worn)
 n - a +1 tower shield (worn)
Jewellery
 k - a ring of ice
Potions
 d - a potion of might
 j - a potion of brilliance


   Skills:
 + Level 3.6 Fighting
 + Level 2.5 Axes
 + Level 3.8 Armour
 + Level 3.7 Shields


You had 2 spell levels left.
You didn't know any spells.
Your spell library was empty.

Dungeon Overview and Level Annotations

Branches:
Dungeon (2/15)

Altars:


Innate Abilities, Weirdness & Mutations

You are immune to sickness and miasma.
Your stone body is resilient. (AC +3)
You are immune to poison.
You resist negative energy. (rN+)
You are resistant to electric shocks. (rElec)
You are resistant to unholy torment.
You are immune to petrification.


Message History

The orc wizard shouts! x2
An endoplasm comes into view.
You block the orc's attack.
You closely miss the orc. The orc hits you with a +0 club.
You closely miss the orc. The orc hits you with a +0 club.
The orc hits you but does no damage.
You barely miss the orc. The orc hits you with a +0 club.
The orc wizard casts a spell.
The orc wizard flickers and vanishes!
Deactivating autopickup; reactivate with Ctrl-A.
You block the orc's attack.
You hit the orc.
The orc is heavily wounded.
You block the orc's attack. The orc hits you with a +0 club.
You hit the orc.
You kill the orc!
You slash the endoplasm!
You kill the endoplasm!
You miss something. You block something's attack.
Something hits you but does no damage.
You closely miss something.
Something hits you but does no damage. x2
You closely miss something. Something completely misses you.
You miss something. The orc wizard casts a spell at you.
The puff of flame hits something!
You hear some strange, mumbled words.
A puff of flame appears from out of thin air!
The puff of flame hits you!
* * * LOW HITPOINT WARNING * * *
The orc wizard points at you and mumbles some strange words.
Something hits you but does no damage.
You miss something. Something hits you but does no damage.
The orc wizard gestures at you while chanting.
The magic dart hits something.
Reactivating autopickup.
You closely miss the orc wizard.
The orc wizard hits you but does no damage.
The orc wizard casts a spell at you. The magic dart hits you!
You die...

*,* #..........# *,*
#..####.##.### *,*
#..####......##** *,*
#......<.......,* *,*
#...######.#.##.*
*,******#.....# *.#,#*,*
*,**<,,,,,..#.# *,#,**,*
,,,*,*****#.#.####.#.#*,*
*>*,,** #§#...@o...#*,*
*,,,,,* #§#†.###....#,*
***,,,* ##..#§###*##.#,*
,,,*,,* #..###..,,,,,,,*
****,,* ##§§#.#*****,***
*,,* #.#..### *,*
*,.#####......# *,*
*.............####,*
*#................,*


You could see an orc wizard.

Vanquished Creatures
  A worm (D:2)
  A dart slug (D:1)
  An orc (D:2)
  3 ball pythons
  6 bats
  7 endoplasms
  2 giant cockroaches (D:2)
  6 goblins
  2 hobgoblins
  4 jackals (D:1)
  3 frilled lizards (D:2)
  3 kobolds
  3 rats (D:2)
42 creatures vanquished.

Vanquished Creatures (others)
  An orc wizard (D:2)
1 creature vanquished.

Grand Total: 43 creatures vanquished

Notes
Turn   | Place    | Note
-------+----------+-------------------------------------------
     0 | D:1      | bande the Gargoyle Fighter began the quest for the Orb.
     0 | D:1      | Reached XP level 1. HP: 14/14 MP: 1/1
   733 | D:1      | Reached XP level 2. HP: 19/19 MP: 2/2
  1156 | D:1      | Reached XP level 3. HP: 23/23 MP: 3/3
  1951 | D:2      | Killed from afar by an orc wizard

Illustrated notes

Levels and vault maps discovered:
D:1:      minmay_arrival_checkered_box, layout_loops_corners
D:2:      layout_loops_ring

Skill      XL: |  1  2 |
---------------+-------+-----
Axes           | 2 |  2.5
Fighting       | |  3.6
Armour         | |  3.8
Shields        | |  3.7

Action                   || total
-------------------------++-------
Melee: War axe           ||   119
  Use: Scroll            ||     9
Armor: Scale mail        ||    55
       Chain mail        ||    31
Dodge: Dodged            ||    48
Block: Buckler           ||    18
       Tower shield      ||    19

Table legend: (Time is in decaauts)
 A = Elapsed time spent in this place.
 B = Non-inter-level travel time spent in this place.
 C = Inter-level travel time spent in this place.
 D = Time resting spent in this place.
 E = Time spent auto-exploring this place.
 F = Levels seen in this place.
 G = Mean time per level.
                   A        B        C        D        E       F      G
               +--------+--------+--------+--------+--------+-----+--------+
         Total |   2013 |   2013 |      0 |    391 |   1213 |   2 | 1006.5 |
       Dungeon |   2013 |   2013 |      0 |    391 |   1213 |   2 | 1006.5 |
               +--------+--------+--------+--------+--------+-----+--------+

Top non-repeatable levels by time:
     D:1: 1427 daAuts
     D:2: 585 daAuts
